 Dungeon Crawl Stone Soup version 0.29-a0-1033-gb6c65ffae6 (webtiles) character file.

Game seed: 1395173701843688424

8 ytrimaz the Chopper (level 2, 23/24 HPs)
             Began as a Demonspawn Berserker on Aug 14, 2022.
             Was a Follower of Trog.
             Quit the game on level 1 of the Dungeon.
             The game lasted 00:00:49 (410 turns).

ytrimaz the Chopper (Demonspawn Berserker)           Turns: 410, Time: 00:00:50

Health: 23/24      AC:  2    Str: 17    XL:     2   Next: 0%
Magic:  2/2        EV: 12    Int:  8    God:    Trog [*.....]
Gold:   8          SH:  0    Dex: 12    Spells: 1/1 levels left

rFire   . . .      SeeInvis .   a - +0 hand axe
rCold   . . .      Faith    .   (no shield)
rNeg    . . .      Spirit   .   b - +0 animal skin
rPois   .          Reflect  .   (no helmet)
rElec   .          Harm     .   (no cloak)
rCorr   .          Rampage  .   (no gloves)
Will    .....                   (no boots)
Stlth   +.........              (no amulet)
HPRegen 0.08/turn               (no ring)
MPRegen 0.08/turn               (no ring)

@: no status effects
A: demonic touch 1
a: Renounce Religion, Berserk


You were on level 1 of the Dungeon.
You worshipped Trog.
Trog was aware of your devotion.
You visited 1 branch of the dungeon, and saw 1 of its levels.

You collected 8 gold pieces.

Inventory:

Hand Weapons
 a - a +0 hand axe (weapon)
 c - a +0 war axe
Armour
 b - a +0 animal skin (worn)
Scrolls
 d - a scroll of noise {unknown}


   Skills:
 - Level 3.0 Fighting
 - Level 3.2 Axes
 - Level 1.7 Armour
 - Level 1.7 Dodging


You had one spell level left.
You didn't know any spells.
Your spell library was empty.

Dungeon Overview and Level Annotations

Branches:
Dungeon (1/15)

Altars:


Innate Abilities, Weirdness & Mutations

Your touch may inflict minor irresistible damage on your foes.


Message History

You see here a frilled lizard corpse.
You see here a ball python corpse.
Key pressed, stopping explore.
You open the door.
There is an open door here.
You open the door.
There is an open door here.
There is a stone staircase leading down here.
A frilled lizard comes into view.
A frilled lizard is nearby!
A frilled lizard is nearby!
The frilled lizard hisses angrily.
The frilled lizard barely misses you.
You miss the frilled lizard. The frilled lizard bites you.
You barely miss the frilled lizard.
The frilled lizard bites you but does no damage.
You barely miss the frilled lizard. The frilled lizard barely misses you.
You closely miss the frilled lizard. The frilled lizard bites you.
The frilled lizard barely misses you.
You miss the frilled lizard. The frilled lizard barely misses you.
A frilled lizard is nearby!
A frilled lizard is nearby!
You slash the frilled lizard!
You kill the frilled lizard!
Trog accepts your kill.
Found a book of Changes.
You see here a book of Changes.
A goblin comes into view. It is wielding a +0 club.
The goblin shouts!
A goblin is nearby!
A goblin is nearby!
You hit the goblin.
You kill the goblin!
Trog accepts your kill.
You have reached level 2!
Your demonic ancestry asserts itself...
Your hands begin to faintly glow with unholy energy.
A rat comes into view.
The rat bites you.
Are you sure you want to abandon this character and quit the game? (Confirm with "yes".)

####.###.##############
.......................
####.#..###############
#..)...... #
#######..#.####. #
.........#.... #
#######.#####.# #
...####......... ######
.......@....#.#####.....
##.###.r.#..........####
#.#.#.......####### #.
.#.............. #.
.#...#.......### #.
...#............ #.
.#.#..⌠...⌠...#. ..
.#.#...#'#......
#.#.#...#<#...##.


You could see a rat.

Vanquished Creatures
  A ball python (D:1)
  An endoplasm (D:1)
  A goblin (D:1)
  5 frilled lizards (D:1)
  A rat (D:1)
9 creatures vanquished.

Notes
Turn   | Place    | Note
-------+----------+-------------------------------------------
     0 | D:1      | ytrimaz the Demonspawn Berserker began the quest for the
                  | Orb.
     0 | D:1      | Reached XP level 1. HP: 18/18 MP: 1/1
   404 | D:1      | Gained mutation: Your touch may inflict minor irresistible
                  | damage on your foes. [demonic ancestry]
   404 | D:1      | Reached XP level 2. HP: 24/24 MP: 2/2
   410 | D:1      | Quit the game

Illustrated notes

Levels and vault maps discovered:
D:1:      scummos_arrival_simple_fountains, layout_basic

Skill      XL: |  1 |
---------------+----+-----
Axes           | 3 |  3.2
Fighting       | |  3.0
Armour         | |  1.7
Dodging        | |  1.7

Action                   || total
-------------------------++-------
Melee: Hand axe          ||    22
 Stab: Sleeping          ||     1
Armor: Animal skin       ||     3
Dodge: Dodged            ||     8

Table legend: (Time is in decaauts)
 A = Elapsed time spent in this place.
 B = Non-inter-level travel time spent in this place.
 C = Inter-level travel time spent in this place.
 D = Time resting spent in this place.
 E = Time spent auto-exploring this place.
 F = Levels seen in this place.
 G = Mean time per level.
                   A        B        C        D        E       F      G
               +--------+--------+--------+--------+--------+-----+--------+
         Total |    413 |    413 |      0 |      0 |    328 |   1 |  413.0 |
       Dungeon |    413 |    413 |      0 |      0 |    328 |   1 |  413.0 |
               +--------+--------+--------+--------+--------+-----+--------+

Top non-repeatable levels by time:
     D:1: 413 daAuts
